 Dungeon Crawl Stone Soup version 0.17-a0-377-gdd46233 (webtiles) character file.

75 McCoppin the Poker (level 4, 0/33 HPs)
             Began as a Formicid Skald on Apr 1, 2015.
             Succumbed to an adder's poison
             ... on level 2 of the Dungeon.
             The game lasted 00:04:36 (1854 turns).

McCoppin the Poker (Formicid Skald)                 Turns: 1854, Time: 00:04:36

Health: 0/33       AC:  4    Str: 18    XL:     4   Next: 55%
Magic:  5/5        EV: 11    Int: 13    God:
Gold:   99         SH:  7    Dex: 10    Spells: 1 memorised, 6 levels left

rFire  . . .     SeeInvis +     a - +0 spear
rCold  . . .     Clarity  .     b - +0 leather armour
rNeg   . . .     SustAb   .     h - +0 shield
rPois  .         Gourm    .     (helmet unavailable)
rElec  .         Spirit   .     (no cloak)
rCorr  .         Warding  .     (no gloves)
rMut   .         Stasis   +     k - +0 pair of boots
MR     .....                    (no amulet)
Stlth  +.........               (no ring)
                                e - +3 ring of evasion (curse)

@: lethally poisoned (0 -> -5), not resistant to hostile enchantments, very
unstealthy
A: permanent stasis, dig shafts and tunnels, four strong arms, antennae 3,
talons 1, clever 1, low mp 1, mutation resistance 1
a: Dig, Shaft Self


You were on level 2 of the Dungeon.
You were not hungry.

You visited 1 branch of the dungeon, and saw 2 of its levels.

You collected 99 gold pieces.

Inventory:

Hand weapons
 a - a +0 spear (weapon)
 p - a +5 club
Armour
 b - a +0 leather armour (worn)
 h - a +0 shield (worn)
 k - a +0 pair of boots (worn)
Jewellery
 e - a cursed +3 ring of evasion (left hand)
Scrolls
 g - 3 scrolls of identify {unknown}
 i - a scroll of immolation {unknown}
 j - a scroll of fear {unknown}
 m - a scroll of remove curse {unknown}
 n - 2 scrolls of amnesia {unknown}
 q - a scroll of magic mapping {unknown}
Books
 c - a book of Battle

   Spells                             Type                      Level
   a - Infusion                       Charms                       1
   b - Shroud of Golubria             Charms/Translocation         2
   c - Song of Slaying                Charms                       2
   d - Spectral Weapon                Hexes/Charms                 3
   e - Regeneration                   Charms/Necromancy            3
Comestibles
 d - a bread ration
 f - a meat ration
 l - a beef jerky


   Skills:
 - Level 2.1 Fighting
 + Level 4.4 Polearms
 - Level 1.1 Armour
 - Level 0.8 Dodging
 - Level 2.1 Spellcasting
 - Level 3.0 Charms


You had 6 spell levels left.
You knew the following spells:

 Your Spells              Type           Power        Failure   Level  Hunger
a - Infusion              Chrm           #.....       65%         1    ##.....


Dungeon Overview and Level Annotations

Branches:
Dungeon (2/15)

Altars:

Annotations:
D:2 Robin, Terence


Innate Abilities, Weirdness & Mutations

You are under a permanent stasis effect.
You can dig through walls and to a lower floor.
Your four strong arms can wield two-handed weapons with a shield.
You have a pair of large antennae on your head (SInv).
You have sharp toenails.
Your mind is acute. (Int +2)
Your magical capacity is low (-10% MP).
You are somewhat resistant to further mutation.


Message History

The adder closely misses you.
You miss the adder.
The adder is almost dead.
* * * LOW HITPOINT WARNING * * *
You feel sick. The adder bites you.
* * * LOW HITPOINT WARNING * * *
The adder barely misses you.
Your shield prevents you from hitting the adder.
The adder is almost dead.
* * * LOW HITPOINT WARNING * * *
You feel sick. You block the adder's attack.
You miss the adder.
The adder is almost dead.
You block the adder's attack.
You hit the adder.
You kill the adder!
* * * LOW HITPOINT WARNING * * *
You feel sick.
You see here an adder corpse.
You die...

#....#....<...#
#.##.#........#
#.##.#........#
#.............#
####.##.......###.#
#.##...........#
#.#.....##.#####
#......†.#.# #
#.#†...@...# ..#
#.##...###.# #.#
#..........# ..#
#####.###### #.#
#....# #(### ##...#
....#### #...#
..#....# #...# ###
.....#.# #...#
##.##


There were no monsters in sight!

Vanquished Creatures
  Jessica (D:2)
  An adder (D:2)
  An ooze (D:1)
  9 bats
  2 giant cockroaches
  10 goblins
  2 hobgoblins
  2 giant newts (D:1)
  2 jackals (D:1)
  5 kobolds (D:1)
  3 rats
38 creatures vanquished.

Notes
Turn   | Place    | Note
--------------------------------------------------------------
     0 | D:1      | McCoppin, the Formicid Skald, began the quest for the Orb.
     0 | D:1      | Reached XP level 1. HP: 16/16 MP: 3/3
   386 | D:1      | Reached XP level 2. HP: 22/22 MP: 4/4
   679 | D:1      | Reached XP level 3. HP: 14/27 MP: 5/5
  1138 | D:2      | Noticed Robin
  1154 | D:2      | Noticed Terence
  1497 | D:2      | Noticed Jessica
  1518 | D:2      | Killed Jessica
  1518 | D:2      | Reached skill level 4 in Polearms
  1518 | D:2      | Reached XP level 4. HP: 12/33 MP: 6/6
  1846 | D:2      | Gained mutation: Your mind is acute. (Int +2) [potion of mutation]
  1846 | D:2      | Gained mutation: You have sharp toenails. [potion of mutation]
  1846 | D:2      | Gained mutation: Your magical capacity is low (-10% MP). [potion of mutation]
  1847 | D:2      | Gained mutation: You are somewhat resistant to further mutation. [potion of mutation]
  1852 | D:2      | HP: 1/33 [poisoned by an adder]
  1854 | D:2      | Succumbed to an adder's poison

Action                   |  1- 3 |  4- 6 || total
-------------------------+-------+-------++-------
Melee: Spear             |   166 |    37 ||   203
 Abil: Dig               |     3 |       ||     3
  Use: Potion            |     1 |     2 ||     3
  Eat: Chunk             |     1 |       ||     1
       Bread ration      |       |     1 ||     1
